 Dungeon Crawl Stone Soup version 0.32-a0-290-g598725c5f2 (webtiles) character file.

Game seed: 14074242412903271765

87 CougarLife the Digger (level 4, -1/24 HPs)
             Began as a Gargoyle Earth Elementalist on Feb 14, 2024.
             Incinerated by a bombardier beetle (7 damage)
             ... with a burning spray
             ... on level 2 of the Dungeon.
             The game lasted 00:02:20 (1566 turns).

CougarLife the Digger (Gargoyle Earth Elementalist) Turns: 1566, Time: 00:02:21

Health: -1/24      AC:  5    Str: 11    XL:     4   Next: 51%
Magic:  2/8        EV: 11    Int: 18    God:
Gold:   93         SH:  0    Dex: 10    Spells: 4/8 levels left

rFire   . . .        e - +0 dagger
rCold   . . .        (no shield)
rNeg    + . .        a - +0 robe
rPois   ∞            (no helmet)
rElec   +            (no cloak)
rCorr   .            (no gloves)
SInv    .            (no boots)
Will    .....        (no amulet)
Stlth   +            (no ring)
HPRegen 0.24/turn    (no ring)
MPRegen 0.11/turn

%: no passive effects
@: on fire, glowing
A: sickness immunity, AC +3, negative energy resistance 1, electricity
resistance, torment resistance 1, petrification resistance
a: no special abilities


You were on level 2 of the Dungeon.
You visited 1 branch of the dungeon, and saw 2 of its levels.

You collected 93 gold pieces.

Inventory:

Hand Weapons
 e - a +0 dagger (weapon)
Armour
 a - a +0 robe (worn)
Jewellery
 f - an amulet of regeneration
 g - a ring of resist corrosion
Scrolls
 c - a scroll of fog {unknown}
 d - a scroll of teleportation {unknown}
 l - a scroll of identify {unknown}
 m - a scroll of fear {unknown}
Potions
 b - a potion of magic
 h - a potion of lignification {unknown}
 i - a potion of enlightenment {unknown}
 j - a potion of degeneration {unknown}
 k - 2 potions of heal wounds {unknown}


   Skills:
 - Level 1.5 Dodging
 - Level 2.1 Stealth
 + Level 2.9 Spellcasting
 + Level 2.7 Conjurations
 + Level 4.6 Earth Magic


You had 4 spell levels left.
You knew the following spells:

 Your Spells              Type           Power      Damage    Failure   Level
a - Sandblast             Erth           38%        2d10      2%          1
b - Stone Arrow           Conj/Erth      30%        3d8       11%         3

Your spell library contained the following spells:

 Spells                   Type           Power      Damage    Failure   Level
 Passwall                 Erth           19%        N/A       8%          3
 Brom's Barrelling Bould  Conj/Erth      15%        2d4       34%         4
 Petrify                  Alch/Erth      11%        N/A       54%         4


Dungeon Overview and Level Annotations

Branches:
Dungeon (2/15)

Altars:


Innate Abilities, Weirdness & Mutations

You are immune to sickness and miasma.
Your stone body is resilient. (AC +3)
You are immune to poison.
You resist negative energy. (rN+)
You are resistant to electric shocks. (rElec)
You are resistant to unholy torment.
You are immune to petrification.


Message History

You can't see any susceptible monsters within range! (Use Z to cast anyway.)
You are caught in a web!
You can't see any susceptible monsters within range! (Use Z to cast anyway.)
You can't see any susceptible monsters within range! (Use Z to cast anyway.)
The web tears apart.
The bombardier beetle sprays incendiary fluid at you.
The burning spray hits you.
You are covered in liquid fire!
Unknown command.
You are on fire!
You shake off some of the fire as you move.
The liquid fire burns you!
The blast of sand hits the bombardier beetle.
The bombardier beetle is lightly wounded.
The liquid fire burns you!
The blast of sand hits the bombardier beetle!
The bombardier beetle is severely wounded.
The liquid fire burns you!
You are too injured to fight recklessly!
You are too injured to fight recklessly!
You are too injured to fight recklessly!
You are too injured to fight recklessly!
You are too injured to fight recklessly!
Casting: Sandblast (safe; 2% risk of failure)
Confirm with . or Enter, or press ? or * to list all spells.
Aiming: Sandblast (safe; 2% risk of failure)
Press: ? - help, Shift-Dir - straight line, f/p - bombardier beetle
Aim: a bombardier beetle (severely wounded, 89% to hit)
The blast of sand misses the bombardier beetle.
The liquid fire burns you!
* * * LOW HITPOINT WARNING * * *
Casting: Sandblast (safe; 2% risk of failure)
Confirm with . or Enter, or press ? or * to list all spells.
Aiming: Sandblast (safe; 2% risk of failure)
Press: ? - help, Shift-Dir - straight line, f/p - bombardier beetle
Aim: a bombardier beetle (severely wounded, 89% to hit)
The blast of sand hits the bombardier beetle.
The bombardier beetle is almost dead.
The liquid fire burns you!
You die...

.....###.#........#
...###.....(#.....# ####
#.#.##.#....<#
##.#.##.#######
#....##.#### ###
#..#.......#
#.###..#.##.##.# #####
.#.##.......##.###......
#.###.......##..@B†...#
#.# ####.##.##..##.##.#
..# #. #.##..# # #.# #
....... ..# #####.##
#.###### #.. #......#
### ######.# #.#


You could see a bombardier beetle.

Vanquished Creatures
  An adder (D:2)
  A ribbon worm (D:2)
  4 bats
  2 endoplasms
  A giant cockroach (D:1)
  3 goblins
  5 hobgoblins
  7 jackals (D:2)
  A kobold (D:1)
  3 quokkas
  4 ball pythons
  3 frilled lizards
  6 rats
41 creatures vanquished.

Notes
Turn   | Place    | Note
-------+----------+-------------------------------------------
     0 | D:1      | CougarLife the Gargoyle Earth Elementalist began the quest
                  | for the Orb.
     0 | D:1      | Reached XP level 1. HP: 10/10 MP: 3/3
   111 | D:1      | Reached XP level 2. HP: 7/15 MP: 0/5
   164 | D:1      | You fall into a shaft and drop 1 floor!
   261 | D:1      | Reached skill level 4 in Earth Magic
   546 | D:1      | Reached XP level 3. HP: 19/19 MP: 4/6
  1131 | D:2      | Reached XP level 4. HP: 24/24 MP: 6/8
  1135 | D:2      | Learned a level 3 spell: Stone Arrow
  1566 | D:2      | Incinerated by a bombardier beetle

Illustrated notes

Levels and vault maps discovered:
D:1:      spicycebolla_green_bress_n_ham, layout_loops_ring
D:2:      layout_loops_cross

Skill      XL: |  1  2 |
---------------+-------+-----
Earth Magic    | 4 |  4.6
Conjurations   | 2 |  2.7
Dodging        | |  1.5
Stealth        | |  2.1
Spellcasting   | |  2.9

Action                     |  1- 3 |  4- 6 || total
---------------------------+-------+-------++-------
  Melee: Dagger            |    31 |       ||    31
         Unarmed           |     3 |       ||     3
   Cast: Sandblast         |    41 |    18 ||    59
 Armour: Robe              |    43 |     2 ||    45
  Dodge: Dodged            |    43 |       ||    43

Table legend: (Time is in decaauts)
 A = Elapsed time spent in this place.
 B = Non-inter-level travel time spent in this place.
 C = Inter-level travel time spent in this place.
 D = Time resting spent in this place.
 E = Time spent auto-exploring this place.
 F = Levels seen in this place.
 G = Mean time per level.
                   A        B        C        D        E       F      G
               +--------+--------+--------+--------+--------+-----+--------+
         Total |   1595 |   1557 |     38 |    115 |   1179 |   2 |  797.5 |
       Dungeon |   1595 |   1557 |     38 |    115 |   1179 |   2 |  797.5 |
               +--------+--------+--------+--------+--------+-----+--------+

Top non-repeatable levels by time:
     D:1: 827 daAuts
     D:2: 768 daAuts
